[ AOE2 MATCH · #495795142 ]
UnrankedShu vs Malians
Player's team · WIN
Rival team · LOSS
[ REPLAY ANALYSIS · EXTRACTED FROM THE RECORDED GAME ]
Feudal
9:02
Castle
21:49
Imperial
32:57
| APM avg | 67.2 |
| APM peak | 105 |
| eAPM avg | 36.4 |
| Villagers / military | 142 / 126 |
Focus
⚔️ 50.9% · 🌾 49.1%
Archer ×96 · Unknown (1959) ×52 · Battering Ram ×14 · Unknown (1942) ×12 · Scout Cavalry ×6 · Militia ×4
Feudal
8:50
Castle
21:33
Imperial
36:51
| APM avg | 66.2 |
| APM peak | 107 |
| eAPM avg | 39.8 |
| Villagers / military | 182 / 240 |
Focus
⚔️ 57.1% · 🌾 42.9%
Skirmisher ×115 · Archer ×86 · Scout Cavalry ×26 · Hand Cannoneer ×4 · Scorpion ×3 · Bombard Cannon ×3
Match map
Initial resources + every placement click. Lines = walls · curves = elevation contours. ◆ gold · ⬟ stone · ● berries · ✦ relic · ◌ wall gap
Your base· ✓ Closed at 21:49 · 34t walls · no gate
HSL | AtomicMuffin's base· ✓ Closed at 21:33 · 39t walls · 1 gate(s)
Smoothed initial terrain · ◌ = detected wall gap · hover for details
Inputs per minute
— beta55 - - HSL | AtomicMuffin
Build order — beta55
First 150 of 464 actions detected
| 0:00 | Queue | Villager (Male) |
| 0:02 | Build | House |
| 0:03 | Build | House |
| 0:08 | Queue | Villager (Male) |
| 0:13 | Queue | Villager (Male) |
| 0:15 | Queue | Villager (Male) |
| 1:15 | Queue | Villager (Male) |
| 1:16 | Queue | Villager (Male) |
| 1:59 | Queue | Villager (Male) |
| 1:59 | Queue | Villager (Male) |
| 2:14 | Queue | Villager (Male) |
| 2:25 | Build | Lumber Camp |
| 3:00 | Build | House |
| 3:01 | Queue | Villager (Male) |
| 3:23 | Queue | Villager (Male) |
| 3:27 | Queue | Villager (Male) |
| 3:52 | Queue | Villager (Male) |
| 4:36 | Queue | Villager (Male) |
| 4:40 | Queue | Villager (Male) |
| 4:51 | Queue | Villager (Male) |
| 5:04 | Queue | Villager (Male) |
| 5:05 | Queue | Villager (Male) |
| 5:11 | Build | Barracks |
| 5:37 | Build | House |
| 6:43 | Build | Mining Camp |
| 6:52 | Research | Feudal Age |
| 7:16 | Build | Palisade Wall |
| 7:19 | Build | Palisade Wall |
| 7:22 | Build | Palisade Wall |
| 7:22 | Build | Palisade Wall |
| 7:24 | Build | Palisade Wall |
| 7:36 | Queue | Militia |
| 7:38 | Build | Palisade Wall |
| 7:55 | Queue | Militia |
| 7:59 | Research | Loom |
| 8:02 | Queue | Militia |
| 8:33 | Build | Lumber Camp |
| 8:36 | Build | House |
| 8:45 | Queue | Militia |
| 8:55 | Build | Palisade Wall |
| 9:00 | Build | Palisade Wall |
| 9:02 | Age | Feudal Age |
| 9:12 | Queue | Villager (Male) |
| 9:35 | Research | Double-Bit Axe |
| 9:45 | Queue | Villager (Male) |
| 10:00 | Build | Archery Range |
| 10:11 | Queue | Villager (Male) |
| 10:20 | Research | Man-at-Arms (upgrade) |
| 10:27 | Queue | Spearman |
| 10:33 | Build | House |
| 10:35 | Build | Palisade Wall |
| 10:38 | Build | Palisade Wall |
| 10:39 | Build | House |
| 10:44 | Queue | Villager (Male) |
| 10:51 | Queue | Archer |
| 10:51 | Queue | Villager (Male) |
| 10:55 | Build | Mill |
| 10:59 | Queue | Villager (Male) |
| 11:12 | Queue | Villager (Male) |
| 11:23 | Build | Farm |
| 11:24 | Queue | Archer |
| 11:29 | Queue | Archer |
| 11:36 | Build | Palisade Wall |
| 11:41 | Queue | Archer |
| 11:43 | Build | Farm |
| 11:55 | Build | Farm |
| 11:55 | Queue | Villager (Male) |
| 12:04 | Queue | Archer |
| 12:08 | Build | Palisade Wall |
| 12:14 | Build | Farm |
| 12:15 | Queue | Villager (Male) |
| 12:18 | Queue | Archer |
| 12:29 | Build | House |
| 12:30 | Queue | Villager (Male) |
| 12:43 | Build | Farm |
| 12:45 | Build | Farm |
| 12:54 | Build | Farm |
| 13:05 | Build | Palisade Wall |
| 13:09 | Research | Man-at-Arms (upgrade) |
| 13:14 | Queue | Villager (Male) |
| 13:16 | Queue | Skirmisher |
| 13:28 | Build | Palisade Wall |
| 13:37 | Queue | Villager (Male) |
| 13:42 | Build | House |
| 13:45 | Queue | Villager (Male) |
| 13:51 | Build | House |
| 14:05 | Queue | Villager (Male) |
| 14:06 | Build | Palisade Wall |
| 14:08 | Queue | Skirmisher |
| 14:18 | Build | House |
| 14:37 | Queue | Villager (Male) |
| 14:43 | Build | Market |
| 14:54 | Queue | Archer |
| 14:54 | Queue | Villager (Male) |
| 15:00 | Queue | Villager (Male) |
| 15:08 | Queue | Villager (Male) |
| 15:09 | Build | Farm |
| 15:15 | Queue | Villager (Male) |
| 15:15 | Queue | Villager (Male) |
| 15:21 | Build | Farm |
| 15:23 | Build | Farm |
| 15:28 | Queue | Villager (Male) |
| 15:31 | Build | Farm |
| 15:32 | Queue | Archer |
| 15:37 | Build | Farm |
| 15:57 | Build | Stable |
| 16:11 | Build | House |
| 16:13 | Queue | Archer |
| 16:15 | Queue | Villager (Male) |
| 16:28 | Queue | Archer |
| 16:49 | Queue | Archer |
| 16:51 | Build | Farm |
| 16:53 | Queue | Scout Cavalry |
| 16:53 | Queue | Scout Cavalry |
| 17:12 | Build | Stable |
| 17:19 | Queue | Villager (Male) |
| 17:26 | Queue | Scout Cavalry |
| 17:51 | Queue | Scout Cavalry |
| 17:53 | Build | Blacksmith |
| 18:04 | Queue | Scout Cavalry |
| 18:04 | Queue | Scout Cavalry |
| 18:11 | Queue | Villager (Male) |
| 18:21 | Build | Farm |
| 18:22 | Build | Farm |
| 18:37 | Queue | Villager (Male) |
| 19:03 | Build | Palisade Wall |
| 19:09 | Research | Castle Age |
| 19:17 | Research | Fletching |
| 19:36 | Queue | Archer |
| 19:42 | Queue | Villager (Male) |
| 19:57 | Research | Horse Collar |
| 19:57 | Research | Horse Collar |
| 19:59 | Build | Farm |
| 20:00 | Build | Farm |
| 20:04 | Build | Farm |
| 20:09 | Build | House |
| 20:19 | Research | Scale Barding Armor |
| 20:23 | Queue | Villager (Male) |
| 20:28 | Queue | Archer |
| 20:57 | Build | Farm |
| 21:08 | Queue | Archer |
| 21:16 | Research | Gold Mining |
| 21:46 | Queue | Villager (Male) |
| 21:49 | Age | Castle Age |
| 21:53 | Build | Town Center |
| 21:58 | Research | Crossbowman (upgrade) |
| 21:58 | Research | Bodkin Arrow |
| 22:05 | Research | Light Cavalry (upgrade) |
| 22:05 | Research | Light Cavalry (upgrade) |
| 22:14 | Queue | Villager (Male) |
Build order — HSL | AtomicMuffin
First 150 of 562 actions detected
| 0:00 | Queue | Villager (Male) |
| 0:00 | Queue | Villager (Male) |
| 0:00 | Queue | Villager (Male) |
| 0:02 | Build | House |
| 0:06 | Build | House |
| 0:13 | Queue | Villager (Male) |
| 0:13 | Queue | Villager (Male) |
| 1:19 | Queue | Villager (Male) |
| 1:19 | Queue | Villager (Male) |
| 1:48 | Build | Lumber Camp |
| 1:55 | Queue | Villager (Male) |
| 2:06 | Queue | Villager (Male) |
| 2:07 | Queue | Villager (Male) |
| 2:26 | Queue | Villager (Male) |
| 2:33 | Build | House |
| 3:19 | Queue | Villager (Male) |
| 3:20 | Queue | Villager (Male) |
| 3:55 | Queue | Villager (Male) |
| 3:55 | Queue | Villager (Male) |
| 4:19 | Queue | Villager (Male) |
| 4:20 | Queue | Villager (Male) |
| 4:27 | Queue | Villager (Male) |
| 4:30 | Build | Mill |
| 4:41 | Queue | Villager (Male) |
| 5:21 | Research | Loom |
| 5:23 | Research | Loom |
| 5:42 | Queue | Villager (Male) |
| 5:43 | Research | Loom |
| 6:32 | Research | Feudal Age |
| 6:47 | Build | Palisade Wall |
| 6:48 | Build | Palisade Wall |
| 6:56 | Build | Barracks |
| 7:08 | Build | House |
| 7:21 | Build | Palisade Wall |
| 7:22 | Build | Palisade Wall |
| 8:14 | Queue | Villager (Male) |
| 8:34 | Build | Palisade Wall |
| 8:36 | Build | Palisade Wall |
| 8:37 | Build | Palisade Wall |
| 8:38 | Build | Palisade Wall |
| 8:46 | Queue | Villager (Male) |
| 8:50 | Age | Feudal Age |
| 8:51 | Queue | Spearman |
| 8:52 | Build | Stable |
| 8:55 | Queue | Villager (Male) |
| 9:00 | Research | Double-Bit Axe |
| 9:00 | Research | Double-Bit Axe |
| 9:34 | Queue | Scout Cavalry |
| 9:36 | Queue | Scout Cavalry |
| 9:50 | Build | Palisade Wall |
| 9:55 | Build | Archery Range |
| 9:57 | Build | House |
| 9:58 | Queue | Villager (Male) |
| 10:28 | Queue | Villager (Male) |
| 10:35 | Build | Palisade Wall |
| 10:48 | Queue | Villager (Male) |
| 10:52 | Build | Farm |
| 10:53 | Build | Farm |
| 10:55 | Build | Farm |
| 10:59 | Queue | Skirmisher |
| 11:01 | Queue | Skirmisher |
| 11:01 | Queue | Skirmisher |
| 11:18 | Queue | Villager (Male) |
| 11:19 | Build | Farm |
| 11:35 | Queue | Villager (Male) |
| 11:43 | Queue | Skirmisher |
| 11:45 | Build | Farm |
| 11:47 | Build | House |
| 11:59 | Queue | Villager (Male) |
| 12:05 | Queue | Skirmisher |
| 12:23 | Queue | Skirmisher |
| 12:24 | Queue | Villager (Male) |
| 12:28 | Build | House |
| 12:39 | Build | Farm |
| 12:41 | Queue | Villager (Male) |
| 12:52 | Queue | Villager (Male) |
| 13:12 | Queue | Villager (Male) |
| 13:15 | Build | Blacksmith |
| 13:16 | Build | House |
| 13:23 | Queue | Villager (Male) |
| 13:45 | Queue | Scout Cavalry |
| 13:46 | Queue | Skirmisher |
| 13:50 | Build | Farm |
| 13:52 | Build | Farm |
| 13:59 | Queue | Villager (Male) |
| 14:04 | Build | House |
| 14:10 | Queue | Skirmisher |
| 14:15 | Research | Fletching |
| 14:16 | Queue | Villager (Male) |
| 14:31 | Build | House |
| 14:37 | Queue | Skirmisher |
| 15:12 | Queue | Villager (Male) |
| 15:12 | Queue | Villager (Male) |
| 15:15 | Build | Farm |
| 15:16 | Build | Farm |
| 15:17 | Build | Farm |
| 15:18 | Build | Farm |
| 15:31 | Queue | Villager (Male) |
| 15:35 | Build | House |
| 15:40 | Queue | Villager (Male) |
| 15:42 | Build | Farm |
| 15:52 | Build | Farm |
| 16:13 | Queue | Villager (Male) |
| 16:18 | Build | Palisade Wall |
| 16:23 | Build | House |
| 16:24 | Build | Palisade Wall |
| 16:54 | Queue | Villager (Male) |
| 16:56 | Queue | Villager (Male) |
| 17:00 | Build | Palisade Wall |
| 17:05 | Build | Lumber Camp |
| 17:07 | Queue | Villager (Male) |
| 17:53 | Build | Farm |
| 17:54 | Queue | Villager (Male) |
| 17:58 | Build | Farm |
| 18:20 | Build | Palisade Gate |
| 18:21 | Build | Palisade Wall |
| 18:24 | Queue | Villager (Male) |
| 18:39 | Build | Archery Range |
| 18:53 | Research | Castle Age |
| 18:57 | Build | Mining Camp |
| 19:09 | Queue | Archer |
| 19:09 | Queue | Archer |
| 19:29 | Research | Padded Archer Armor |
| 19:31 | Queue | Villager (Male) |
| 19:49 | Queue | Archer |
| 19:57 | Queue | Archer |
| 19:59 | Queue | Villager (Male) |
| 20:01 | Queue | Villager (Male) |
| 20:21 | Queue | Archer |
| 20:22 | Queue | Archer |
| 20:46 | Queue | Archer |
| 20:47 | Research | Gold Mining |
| 20:50 | Research | Horse Collar |
| 20:51 | Queue | Archer |
| 21:21 | Queue | Archer |
| 21:21 | Queue | Archer |
| 21:33 | Age | Castle Age |
| 21:34 | Research | Bodkin Arrow |
| 21:36 | Build | University |
| 21:37 | Queue | Villager (Male) |
| 21:40 | Build | Town Center |
| 21:41 | Queue | Villager (Male) |
| 21:45 | Queue | Archer |
| 21:59 | Queue | Villager (Male) |
| 22:01 | Queue | Villager (Male) |
| 22:02 | Build | Farm |
| 22:15 | Research | Crossbowman (upgrade) |
| 22:18 | Queue | Villager (Male) |
| 22:22 | Build | House |
| 22:26 | Build | Palisade Wall |
Match timeline
| 5:11 | beta55 · first_building Barracks |
| 6:47 | HSL | AtomicMuffin · wall_segment Palisade Wall x1 |
| 6:48 | HSL | AtomicMuffin · wall_segment Palisade Wall x1 |
| 6:56 | HSL | AtomicMuffin · first_building Barracks |
| 7:16 | beta55 · wall_segment Palisade Wall x1 |
| 7:19 | beta55 · wall_segment Palisade Wall x1 |
| 7:21 | HSL | AtomicMuffin · wall_segment Palisade Wall x3 |
| 7:22 | beta55 · wall_segment Palisade Wall x1 |
| 7:22 | beta55 · wall_segment Palisade Wall x1 |
| 7:22 | HSL | AtomicMuffin · wall_segment Palisade Wall x6 |
| 7:24 | beta55 · wall_segment Palisade Wall x1 |
| 7:38 | beta55 · wall_segment Palisade Wall x6 |
| 8:34 | HSL | AtomicMuffin · wall_segment Palisade Wall x1 |
| 8:36 | HSL | AtomicMuffin · wall_segment Palisade Wall x1 |
| 8:37 | HSL | AtomicMuffin · wall_segment Palisade Wall x1 |
| 8:38 | HSL | AtomicMuffin · wall_segment Palisade Wall x1 |
| 8:50 | HSL | AtomicMuffin · age_up feudal |
| 8:52 | HSL | AtomicMuffin · first_building Stable |
| 8:55 | beta55 · wall_segment Palisade Wall x4 |
| 9:00 | beta55 · wall_segment Palisade Wall x3 |
| 9:02 | beta55 · age_up feudal |
| 9:50 | HSL | AtomicMuffin · wall_segment Palisade Wall x7 |
| 9:55 | HSL | AtomicMuffin · first_building Archery Range |
| 10:00 | beta55 · first_building Archery Range |
| 10:35 | beta55 · wall_segment Palisade Wall x1 |
| 10:35 | HSL | AtomicMuffin · wall_segment Palisade Wall x1 |
| 10:38 | beta55 · wall_segment Palisade Wall x1 |
| 11:36 | beta55 · wall_segment Palisade Wall x9 |
| 12:08 | beta55 · wall_segment Palisade Wall x1 |
| 13:05 | beta55 · wall_segment Palisade Wall x1 |
| 13:28 | beta55 · wall_segment Palisade Wall x3 |
| 14:06 | beta55 · wall_segment Palisade Wall x1 |
| 15:57 | beta55 · first_building Stable |
| 16:18 | HSL | AtomicMuffin · wall_segment Palisade Wall x11 |
| 16:24 | HSL | AtomicMuffin · wall_segment Palisade Wall x1 |
| 17:00 | HSL | AtomicMuffin · wall_segment Palisade Wall x7 |
| 18:21 | HSL | AtomicMuffin · wall_segment Palisade Wall x4 |
| 18:42 | beta55 · first_market_buy 100 food |
| 19:03 | beta55 · wall_segment Palisade Wall x1 |
| 21:33 | HSL | AtomicMuffin · age_up castle |
| 21:49 | beta55 · age_up castle |
| 22:17 | beta55 · first_building Monastery |
| 22:26 | HSL | AtomicMuffin · wall_segment Palisade Wall x6 |
| 29:26 | beta55 · first_market_sell 500 wood |
| 29:26 | HSL | AtomicMuffin · first_building Siege Workshop |
| 30:55 | HSL | AtomicMuffin · first_building Monastery |
| 32:57 | beta55 · age_up imperial |
| 33:22 | HSL | AtomicMuffin · first_market_buy 100 food |
| 33:36 | HSL | AtomicMuffin · first_market_sell 100 wood |
| 34:16 | HSL | AtomicMuffin · first_building Castle |
| 34:42 | HSL | AtomicMuffin · wall_segment Palisade Wall x1 |
| 34:43 | HSL | AtomicMuffin · wall_segment Palisade Wall x1 |
| 34:45 | beta55 · first_building Castle |
| 35:14 | beta55 · first_building Siege Workshop |
| 36:51 | HSL | AtomicMuffin · age_up imperial |
| 46:16 | HSL | AtomicMuffin · resign |
[ AI ANALYSIS · 1 CREDIT ]
What really happened in this match?
Wolo.gg analyzes every decision: build order, eco, micro, common mistakes by bracket. Personalized analysis on WhatsApp or Discord in 30 seconds.
Civ guide
Shu
Perfil
Jugador #1423034